Map: Lightshade LE

Players

SortOf

  • Race: Zerg Zerg
  • Spawn Location: 11:00

Lambo - Winner!

  • Race: Zerg Zerg
  • League: Grandmaster
  • Spawn Location: 5:00

VOD

https://www.youtube.com/watch?v=wtEdllRaI4s

Description

lambo 12 pool defense

Time

  • Played on: May 1, 2021, 2:40 p.m.
  • Length: 11:03
Show
View Real Time Build Order
Export as new Build Order

SortOf Zerg 

Build Orders: Pool First 

Get SALT Encoding   

  12  0:17  Spawning Pool  
  11  0:22  Drone  
  11  0:26  Drone  
  13  0:30  Drone  
  14  0:40  Overlord  
  14  1:04  Zergling x4  
  14  1:05  Zergling x2  
  17  1:15  Zergling x2  
  17  1:18  Hatchery  
  17  1:26  Zergling x2  
  18  1:33  Queen  
  18  1:37  Drone  
  21  1:47  Overlord  
  21  1:58  Drone  
  22  2:09  Drone  
  22  2:15  Queen  
  25  2:26  Drone  
  24  2:30  Queen  
  24  2:31  Drone x2  
  28  2:41  Drone  
  28  2:45  Drone  
  28  2:48  Zergling x4  
  28  2:50  Queen  
  33  2:53  Overlord  
  33  2:58  Drone  
  34  3:00  Drone  
  35  3:12  Drone x2  
  37  3:15  Drone x4  
  37  3:18  Extractor  
  40  3:23  Overlord  
  40  3:24  Drone  
  40  3:25  Drone  
  42  3:28  Overlord  
  42  3:33  Drone, Extractor  
  42  3:37  Overlord  
  42  3:40  Drone  
  43  3:44  Evolution Chamber  
  43  3:46  Overlord  
  42  3:48  Drone  
  42  3:50  Drone  
  42  3:53  Drone  
  45  3:59  Drone x2  
  47  4:06  Drone  
  47  4:09  Drone x3  
  51  4:14  Lair  
  51  4:15  Overlord  
  51  4:19  Drone  
  51  4:22  Drone  
  55  4:24  Drone x2  
  55  4:29  Roach Warren  
  54  4:33  Zerg Missile Weapons Level 1  
  54  4:42  Drone  
  54  4:43  Extractor  
  54  4:44  Hatchery  
  49  5:01  Drone  
  49  5:02  Evolution Chamber  
  49  5:09  Roach  
  49  5:10  Roach x3  
  49  5:13  Glial Reconstitution  
  57  5:17  Drone x3  
  57  5:18  Drone  
  57  5:19  Drone x2  
  57  5:20  Overseer  
  63  5:26  Drone x3  
  66  5:32  Overlord  
  66  5:33  Drone  
  67  5:41  Overlord  
  67  5:42  Drone x2  
  69  5:46  Overlord  
  69  5:48  Drone x4  
  73  5:51  Extractor  
  72  6:00  Roach x6  
  72  6:04  Zerg Ground Armor Level 1  
  82  6:08  Drone x2  
  82  6:10  Overlord  
  82  6:19  Overlord  
  82  6:21  Roach x4  
  82  6:25  Drone  
  91  6:26  Overlord  
  91  6:28  Overlord  
  91  6:29  Zerg Missile Weapons Level 2  
  91  6:31  Roach  
  93  6:41  Drone x2  
  93  6:42  Drone  
  93  6:43  Roach x4  
  104  6:47  Roach x2  
  108  6:55  Roach x4  
  108  6:56  Overlord  
  108  7:00  Overlord  
  116  7:03  Roach x2  
  116  7:04  Roach  
  122  7:09  Roach x3  
  122  7:12  Roach  
  122  7:15  Overlord x2  
  130  7:22  Roach x4  
  138  7:25  Ravager  
  138  7:27  Extractor  
  138  7:28  Roach, Extractor  
  138  7:29  Roach  
  141  7:31  Drone  
  141  7:32  Drone  
  141  7:34  Roach  
  145  7:37  Overlord  
  145  7:38  Overlord  
  145  7:39  Ravager  
  146  7:45  Roach x4  
  154  7:53  Overlord x2  
  154  8:00  Roach x3  
  154  8:01  Roach x3  
  154  8:03  Overlord  
  166  8:08  Roach x2  
  170  8:16  Overlord  
  170  8:18  Roach x5  
  180  8:23  Overlord  
  180  8:25  Roach x2  
  182  8:31  Roach x3  
  182  8:34  Ravager  
  176  8:48  Roach x9  
  179  8:53  Roach x3  
  162  9:00  Roach x3  
  156  9:03  Roach x2  
  156  9:06  Queen  
  154  9:10  Roach  
  154  9:12  Roach  
  154  9:14  Roach  
  140  9:17  Roach x2  
  140  9:22  Roach  
  140  9:23  Roach  
  128  9:26  Roach  
  118  9:33  Queen x2  
  118  9:37  Spore Crawler  
  121  9:39  Roach x2  
  125  9:46  Spore Crawler, Roach x2  
  125  9:49  Roach x3  
  125  9:51  Ravager  
  135  9:54  Roach x2  
  140  10:00  Ravager  
  140  10:01  Roach x3  
  140  10:05  Roach x2  
  150  10:07  Ravager x2  
  150  10:09  Roach  
  152  10:27  Roach x3  
  152  10:30  Ravager  
  152  10:31  Ravager x3  
  152  10:33  Overlord x2  
  160  10:35  Roach x2  
  160  10:40  Roach  
  160  10:41  Roach  
Show
View Real Time Build Order
Export as new Build Order

Lambo Zerg - Winner!

Build Orders: Hatch First 

Get SALT Encoding   

  12  0:00  Drone  
  13  0:12  Overlord  
  13  0:17  Drone  
  14  0:30  Drone x2  
  16  0:47  Hatchery  
  15  0:51  Drone  
  15  0:54  Drone  
  17  0:57  Drone  
  18  1:08  Extractor  
  17  1:12  Spawning Pool  
  17  1:15  Drone  
  17  1:19  Drone  
  18  1:27  Drone  
  19  1:59  Queen x2, Zergling x6  
  19  2:00  Zergling x2  
  27  2:11  Zergling x2  
  28  2:20  Zergling x2  
  28  2:26  Drone  
  28  2:40  Overlord  
  28  2:50  Overlord  
  28  2:58  Drone x5  
  28  3:04  Drone  
  34  3:09  Drone x3  
  34  3:12  Drone  
  38  3:16  Drone  
  38  3:18  Drone  
  40  3:25  Metabolic Boost  
  40  3:30  Drone x3  
  43  3:42  Drone, Hatchery  
  43  3:45  Drone  
  44  3:48  Overlord  
  44  3:59  Overlord  
  44  4:06  Drone, Evolution Chamber  
  44  4:08  Drone x4  
  47  4:13  Drone x2  
  49  4:21  Extractor  
  49  4:22  Drone  
  49  4:24  Drone  
  49  4:27  Extractor  
  49  4:33  Drone x3  
  49  4:35  Roach Warren  
  49  4:36  Queen  
  49  4:38  Overlord  
  51  4:42  Zerg Missile Weapons Level 1  
  51  4:43  Overlord  
  51  4:49  Drone  
  52  4:54  Drone x5  
  52  4:59  Drone  
  58  5:00  Lair  
  58  5:02  Drone  
  58  5:03  Drone  
  58  5:04  Drone  
  58  5:05  Drone x2  
  63  5:09  Drone  
  63  5:11  Drone  
  65  5:14  Overlord  
  65  5:15  Extractor  
  65  5:16  Overlord  
  65  5:19  Drone x2  
  66  5:24  Overlord  
  66  5:26  Extractor  
  66  5:27  Roach  
  67  5:30  Roach  
  67  5:33  Overlord  
  67  5:34  Overlord x2  
  71  5:35  Roach  
  71  5:39  Roach x2  
  75  5:44  Roach x3  
  75  5:49  Roach x2  
  84  5:57  Glial Reconstitution  
  84  5:58  Roach x4  
  84  6:01  Overlord  
  92  6:04  Roach x2  
  92  6:09  Overlord  
  96  6:12  Roach x3  
  102  6:19  Drone x5  
  102  6:22  Drone  
  108  6:27  Drone  
  108  6:28  Drone, Spire  
  108  6:31  Extractor  
  108  6:32  Drone x3  
  111  6:34  Roach  
  111  6:37  Overlord  
  112  6:41  Roach x2  
  112  6:44  Overlord  
  115  6:48  Overlord  
  115  6:49  Roach x2  
  115  6:53  Zerg Ground Armor Level 1  
  119  6:55  Ravager x2  
  119  6:56  Overlord  
  119  6:58  Drone  
  119  6:59  Roach  
  124  7:02  Roach  
  124  7:03  Ravager  
  124  7:07  Roach x3  
  133  7:10  Roach x2  
  133  7:15  Roach x3  
  143  7:16  Ravager  
  143  7:19  Roach x2  
  143  7:22  Roach  
  150  7:23  Overlord  
  150  7:25  Roach  
  150  7:28  Roach x2  
  156  7:32  Roach x2  
  156  7:33  Roach  
  156  7:36  Overlord  
  162  7:39  Overlord  
  162  7:42  Mutalisk x2  
  166  7:44  Mutalisk  
  166  7:50  Mutalisk  
  170  7:57  Drone x2  
  172  8:00  Mutalisk  
  174  8:06  Mutalisk  
  174  8:10  Hatchery  
  175  8:13  Mutalisk  
  175  8:17  Overlord  
  177  8:34  Queen  
  177  8:40  Roach x7  
  183  8:42  Roach x5, Extractor  
  183  8:43  Roach  
  183  8:46  Roach x4  
  175  8:49  Roach x3  
  165  8:55  Roach  
  165  8:56  Roach x2  
  140  9:04  Roach  
  140  9:05  Roach  
  140  9:07  Roach  
  131  9:13  Roach x9  
  130  9:24  Roach x3  
  126  9:34  Ravager x2  
  126  9:35  Roach x2  
  132  9:40  Roach  
  132  9:41  Roach x2  
  132  9:45  Drone x3  
  141  9:46  Drone x3  
  141  9:51  Roach x4  
  152  9:53  Roach  
  152  9:54  Drone  
  153  10:01  Roach x6  
  165  10:08  Roach x5  
  165  10:09  Ravager, Overlord  
  175  10:16  Ravager  
  175  10:17  Roach x4  
  175  10:20  Roach  
  184  10:23  Roach x3  
  184  10:26  Roach  
  179  10:28  Roach x2  
  179  10:30  Ravager  
  179  10:32  Ravager  
  179  10:34  Roach x3  
  187  10:37  Roach x2  
  187  10:39  Ravager  
Tags
 
Add a new tag
Caveats
  • Supply blocks, unpowered buildings, or Contaminate may cause inaccurate times.
  • Supply counts are checked every 10 seconds.